 Dungeon Crawl Stone Soup version 0.19.4-9-g45fd643 (webtiles) character file.

39075 vatarom the Carver (level 14, -4/113 HPs)
             Began as a Formicid Fighter on Feb 20, 2017.
             Was an Elder of Ashenzari.
             Slain by Kirke (14 damage)
             ... on level 6 of the Lair of Beasts.
             The game lasted 00:39:20 (18674 turns).

vatarom the Carver (Formicid Fighter)              Turns: 18674, Time: 00:39:21

Health: -4/113     AC:  0    Str: 21 (22) XL:     14   Next: 37%
Magic:  17/20      EV: 29    Int:  9      God:    Ashenzari [****..]
Gold:   826        SH:  0    Dex: 17 (18) Spells: 0 memorised, 13 levels left

rFire  . . .     SeeInvis +     (weapon currently unavailable)
rCold  . . .     Gourm    .     (armour currently unavailable)
rNeg   . . .     Faith    .     (shield currently unavailable)
rPois  .         Spirit   .     (helmet unavailable)
rElec  .         Reflect  .     (cloak currently unavailable)
rCorr  .         Harm     .     (gloves currently unavailable)
MR     +....     Clarity  +     (boots currently unavailable)
Stlth  +++.......               (no amulet)
                                (ring currently unavailable)
                                (ring currently unavailable)

@: agile, pig-form, scrying, very quick
A: permanent stasis, dig shafts and tunnels, four strong arms, (antennae 0),
(large bone plates 0), (slimy green scales 0), deterioration 1
a: Curse Item, Scrying, Renounce Religion


You were on level 6 of the Lair of Beasts.
You worshipped Ashenzari.
Ashenzari was greatly pleased with you.
You were not hungry.
You were a filthy swine.
You visited 3 branches of the dungeon, and saw 18 of its levels.

You collected 826 gold pieces.

Inventory:

Hand Weapons
 a - a +1 long sword
 C - a +0 great sword (melded)
Missiles
 H - 4 throwing nets (quivered)
 P - 6 steel tomahawks
Armour
 b - a cursed +0 scale mail (melded)
 f - the cursed +5 pair of gloves of the New World (melded) {+Fly rF++ MR- rCorr}
   (You found it on level 5 of the Dungeon)

   It greatly protects you from fire.
   It affects your resistance to hostile enchantments.
   It lets you fly.
   It protects you from acid and corrosion.
   It has a curse placed upon it.
 l - a cursed +0 shield of protection (melded)
 w - a cursed +0 cloak (melded)
 x - a cursed +0 pair of boots (melded)
 L - a +3 ring mail of poison resistance
Jewellery
 c - a +5 ring of intelligence
 d - an uncursed ring of ice
 i - a ring of protection from magic (melded)
 y - a ring of poison resistance (melded)
 E - a +2 ring of protection
 N - an uncursed ring of protection from magic
Wands
 e - a wand of flame (13/48)
 n - a wand of heal wounds (0/9)
 p - a wand of random effects (31/48)
 r - a wand of random effects (23/48)
 t - a wand of acid (0/15)
 u - a wand of random effects (6/48)
 A - a wand of iceblast (0/15)
 B - a wand of flame (22/48)
 J - a wand of confusion (25/48)
 O - a wand of lightning (11/15)
Scrolls
 g - 7 scrolls of amnesia
 m - 4 scrolls of identify
 q - 4 scrolls of magic mapping
Potions
 h - 2 potions of haste
 j - a potion of brilliance
 s - 2 potions of flight
 G - a potion of magic
 K - a potion of cancellation
Comestibles
 k - 11 fruits
 o - 9 beef jerkies
 z - 4 slices of pizza
 I - 4 bread rations


   Skills:
 - Level 11.4 Fighting
 - Level 11.8 Long Blades
 - Level 7.5 Throwing
 - Level 10.6(13.8) Armour
 * Level 8.8(12.1) Dodging
 - Level 9.6(11.7) Shields
 - Level 8.0 Evocations


You had 13 spell levels left.
You didn't know any spells.

Dungeon Overview and Level Annotations

Branches:
Dungeon (11/15)            Temple (1/1) D:5            Lair (6/6) D:10
  Swamp (0/4) Lair:2       Spider (0/4) Lair:2        Slime (0/5) Lair:5
    Orc (0/2) D:10

Altars:
Ashenzari
Cheibriados
Dithmenos
Elyvilon
Fedhas
Gozag
Hepliaklqana
Kikubaaqudgha
Makhleb
Nemelex Xobeh
Okawaru
Qazlal
Ru
Sif Muna
Trog
Uskayaw
Vehumet
Xom
Yredelemnul
Zin
The Shining One

Shops:
D:7 :

Annotations:
Lair:3 1 runed door
Lair:5 exclusion: oklob plant
Lair:6 Kirke


Innate Abilities, Weirdness & Mutations

You are under a permanent stasis effect.
You can dig through walls and to a lower floor.
Your four strong arms can wield two-handed weapons with a shield.
((You have a pair of large antennae on your head. (SInv)))
((You are partially covered in large bone plates. (SH +4)))
((You are partially covered in slimy green scales. (AC +2)))
Your body sometimes deteriorates upon taking damage.


Message History

Kirke completely misses you.
You hit Kirke.
Kirke is heavily wounded.
Kirke closely misses you.
You completely miss Kirke.
Kirke is heavily wounded.
The harpy disappears in a puff of smoke!
Kirke misses you.
You closely miss Kirke.
Kirke is heavily wounded.
Kirke casts a spell at you.
You feel a momentary urge to oink.
You hit Kirke.
Kirke is heavily wounded.
The harpy disappears in a puff of smoke!
Kirke barely misses you.
You hit Kirke.
Kirke is heavily wounded.
Kirke hits you!
You die...

....#.....#.###...###
,,,* ,
#...........#..#.##.####
,,**
#..............#.......#
* ,*
#..####..P.......)....##
** , * #..#*
##.....###.##.P.## *
##.. #..###.#####...## *
, ... #.###.######.#..##
,, #.#*
#.##########.....# * ,
.(P* #..######h@hh..###
* ,, , *
,,..#######hh.(## * , ,
,,,, ....######....# ***
,, , , ..P..#####..##.#
,,, ###..####....### ,,
, ,P##..#..PP..### ,,
....$.........# ,, ,
.##.....####### , , P###
* * *


You could see Kirke and 4 hogs.

Vanquished Creatures
  3 hydras
  Harold (Lair:4)
  A centaur warrior (D:10)
  2 catoblepae
  A death knight (D:11)
  The ghost of Agrougrou the Thaumaturge, a journeyman DECj of Sif Muna (D:11)
  The ghost of Feta the Destroyer, a journeyman TeCj of Vehumet (Lair:1)
  Pikel (D:4)
  4 hill giants
  A lindwurm (Lair:3)
  A deep elf mage (D:10)
  2 elephants (Lair:3)
  Joseph (D:7)
  3 black mambas
  A gargoyle (D:11)
  13 spiny frogs
  6 komodo dragons
  4 polar bears
  Grinder (D:4)
  A troll (D:10)
  3 tyrant leeches (Lair:2)
  Prince Ribbit (Lair:1)
  21 blink frogs
  7 hippogriffs
  Sigmund (D:4)
  2 wraiths (D:11)
  A redback (Lair:2)
  A wyvern (Lair:2)
  27 yaks
  A hog (Lair:6)
  Eustachio (D:4)
  2 basilisks
  Grum (D:9)
  3 hungry ghosts
  Menkaure (D:5)
  4 water moccasins
  Duvessa (D:7)
  7 porcupines
  4 phantoms
  An orc warrior (D:5)
  An eye of draining (D:10)
  3 ice beasts (D:10)
  2 sky beasts (D:10)
  A black bear (Lair:2)
  6 ogres
  5 centaurs
  30 wolves
  11 crocodiles
  Blork the orc (D:5)
  2 big kobolds
  8 bullfrogs
  Dowan (D:7)
  4 scorpions
  4 wights (D:7)
  8 killer bees
  2 electric eels
  A howler monkey (D:5)
  6 crimson imps
  A bullfrog zombie (D:6)
  A centaur zombie (D:10)
  2 orc priests
  3 jellies
  A quasit (D:8)
  2 gnoll shamans
  4 hounds
  A bullfrog skeleton (D:6)
  6 orc wizards
  A centaur skeleton (D:10)
  An iguana (D:8)
  Natasha (thrice) (D:4)
  4 worker ants
  A killer bee zombie (D:6)
  A hound zombie (D:8)
  Robin (D:2)
  A worker ant zombie (D:11)
  A howler monkey skeleton (D:5)
  6 gnolls
  3 adders
  2 river rats (D:10)
  2 shadow imps
  An ooze (D:4)
  An adder zombie (D:5)
  3 dart slugs
  7 leopard geckos
  29 orcs
  11 bats
  3 giant cockroaches
  10 goblins
  14 hobgoblins
  17 jackals
  5 quokkas
  8 frilled lizards
  15 kobolds
  A leopard gecko skeleton (D:6)
  A quokka skeleton (D:6)
  7 rats
  2 fungi
418 creatures vanquished.

Vanquished Creatures (others)
  An orc wizard (D:3)
  A fulminant prism (Lair:1)
  35 fungi
  27 plants
  11 toadstools (Lair:3)
75 creatures vanquished.

Grand Total: 493 creatures vanquished

Notes
Turn   | Place    | Note
-------+----------+-------------------------------------------
     0 | D:1      | vatarom the Formicid Fighter began the quest for the Orb.
     0 | D:1      | Reached XP level 1. HP: 18/18 MP: 1/1
    23 | D:1      | Reached skill level 1 in Dodging
   137 | D:1      | Reached XP level 2. HP: 12/24 MP: 2/2
   315 | D:1      | You fall through a shaft!
   390 | D:2      | Noticed Robin
   407 | D:2      | Reached XP level 3. HP: 28/29 MP: 3/3
   444 | D:2      | Killed Robin
   601 | D:2      | Found a faded altar of an unknown god.
   644 | D:2      | Reached XP level 4. HP: 33/35 MP: 4/4
  1008 | D:2      | Gained mutation: You are partially covered in large bone plates. (SH +4) [potion of mutation]
  1008 | D:2      | Gained mutation: You are partially covered in slimy green scales. (AC +2) [potion of mutation]
  1008 | D:2      | Gained mutation: Your body sometimes deteriorates upon taking damage. [potion of mutation]
  1961 | D:3      | Found a shattered altar of Ashenzari.
  1967 | D:3      | Reached XP level 5. HP: 36/41 MP: 5/5
  2164 | D:4      | Noticed Sigmund
  2181 | D:4      | Killed Sigmund
  2181 | D:4      | Reached skill level 5 in Dodging
  2181 | D:4      | Reached XP level 6. HP: 32/47 MP: 6/6
  2197 | D:4      | Noticed Eustachio
  2228 | D:4      | Noticed Natasha
  2468 | D:4      | Killed Natasha
  3018 | D:3      | Reached XP level 7. HP: 49/52 MP: 7/7
  3342 | D:4      | Noticed Natasha
  3354 | D:4      | Killed Natasha
  3401 | D:4      | Noticed Natasha
  3410 | D:4      | Killed Natasha
  3507 | D:4      | Noticed Grinder
  3527 | D:4      | Killed Grinder
  3527 | D:4      | Reached skill level 5 in Long Blades
  3527 | D:4      | Reached XP level 8. HP: 32/58 MP: 8/8
  3811 | D:4      | Killed Eustachio
  4025 | D:4      | Noticed Pikel
  4048 | D:4      | Killed Pikel
  4048 | D:4      | Reached XP level 9. HP: 32/64 MP: 9/9
  4422 | D:5      | Entered Level 5 of the Dungeon
  4548 | D:5      | Noticed a hill giant
  4574 | D:5      | Killed a hill giant
  4824 | D:5      | Found a staircase to the Ecumenical Temple.
  4831 | Temple   | Entered the Ecumenical Temple
  4923 | Temple   | Became a worshipper of Ashenzari the Shackled
  5020 | D:5      | Noticed Blork the orc
  5029 | D:5      | Killed Blork the orc
  5340 | D:5      | Got the uncursed pair of gloves of the New World {+Fly rF++ MR- rCorr}
  5351 | D:5      | Identified the +5 pair of gloves of the New World {+Fly rF++ MR- rCorr} (You found it on level 5 of the Dungeon)
  5370 | D:5      | Noticed Menkaure
  5379 | D:5      | Killed Menkaure
  5379 | D:5      | Reached skill level 5 in Armour
  6008 | D:6      | Reached XP level 10. HP: 69/71 MP: 10/10
  6671 | D:7      | Reached * piety under Ashenzari
  6725 | D:7      | Reached skill level 5 in Fighting
  7079 | D:7      | Noticed Duvessa
  7079 | D:7      | Noticed Dowan
  7094 | D:7      | Killed Duvessa
  7110 | D:7      | Killed Dowan
  7178 | D:7      | Noticed Joseph
  7194 | D:7      | Killed Joseph
  7299 | D:7      | Found Beaq's Book Boutique.
  8475 | D:8      | Reached skill level 1 in Throwing
  8765 | D:9      | Noticed Grum
  8803 | D:9      | Killed Grum
  8852 | D:9      | Reached XP level 11. HP: 64/89 MP: 11/11
  8926 | D:9      | Reached ** piety under Ashenzari
  9354 | D:10     | Entered Level 10 of the Dungeon
  9426 | D:10     | Found a staircase to the Lair.
  9435 | D:10     | Noticed a hill giant
  9467 | D:10     | Killed a hill giant
  9467 | D:10     | Reached skill level 5 in Throwing
  9573 | D:10     | Noticed a hill giant
  9603 | D:10     | Killed a hill giant
  9992 | D:10     | Noticed a deep elf mage
 10015 | D:10     | Killed a deep elf mage
 10357 | D:10     | Noticed a hill giant
 10398 | D:10     | Killed a hill giant
 10418 | D:10     | Noticed a centaur warrior
 10436 | D:10     | Killed a centaur warrior
 10436 | D:10     | Reached skill level 10 in Long Blades
 10436 | D:10     | Reached XP level 12. HP: 72/96 MP: 4/12
 10780 | D:10     | Found a staircase to the Orcish Mines.
 10850 | D:11     | Noticed Agrougrou's ghost (journeyman DECj)
 10858 | D:11     | Killed Agrougrou's ghost
 10947 | D:11     | Noticed a death knight
 11017 | D:11     | Killed a death knight
 11338 | Lair:1   | Entered Level 1 of the Lair of Beasts
 11338 | Lair:1   | Noticed Feta's ghost (journeyman TeCj)
 11344 | Lair:1   | Killed Feta's ghost
 12341 | Lair:1   | Reached XP level 13. HP: 27/101 MP: 13/13
 12347 | Lair:1   | Reached skill level 10 in Armour
 12836 | Lair:1   | Noticed Prince Ribbit
 12879 | Lair:1   | Killed Prince Ribbit
 13709 | Lair:2   | Reached skill level 10 in Fighting
 14016 | Lair:2   | Found a hole to the Spider Nest.
 14248 | Lair:2   | Found a staircase to the Swamp.
 14292 | Lair:2   | Reached *** piety under Ashenzari
 14357 | Lair:2   | Reached skill level 1 in Evocations
 15004 | Lair:3   | Noticed a four-headed hydra
 15010 | Lair:3   | Noticed a four-headed hydra
 15012 | Lair:3   | Killed a four-headed hydra
 15012 | Lair:3   | Reached skill level 5 in Evocations
 15025 | Lair:3   | Killed a five-headed hydra
 15314 | Lair:3   | Found a runed door.
 15393 | Lair:3   | Noticed a catoblepas
 15434 | Lair:3   | HP: 1/106 [catoblepas (19)]
 15437 | Lair:3   | Killed a catoblepas
 15744 | Lair:3   | Identified the Incunabulum of Toxic Translocation
 16542 | Lair:4   | Reached XP level 14. HP: 103/113 MP: 20/20
 16709 | Lair:4   | Noticed Harold
 16743 | Lair:4   | Killed Harold
 17655 | Lair:5   | Reached **** piety under Ashenzari
 17811 | Lair:5   | Found a staircase to the Slime Pits.
 18327 | Lair:6   | Entered Level 6 of the Lair of Beasts
 18626 | Lair:6   | Noticed Kirke
 18664 | Lair:6   | HP: 5/113 [Kirke (13)]
 18674 | Lair:6   | Slain by Kirke

Skill      XL: |  1  2  3  4  5  6  7  8  9 10 11 12 13 14 |
---------------+-------------------------------------------+-----
Dodging        | 1 2 3 5 8 |  8.8
Long Blades    | 3 5 7 10 11 | 11.8
Shields        | 7 9 |  9.6
Armour         | 6 9 10 | 10.6
Fighting       | 9 11 | 11.4
Throwing       | 3 7 |  7.5
Evocations     | 8 |  8.0

Action                   |  1- 3 |  4- 6 |  7- 9 | 10-12 | 13-15 || total
-------------------------+-------+-------+-------+-------+-------++-------
Melee: Long sword        |    87 |   210 |   421 |   444 |       ||  1162
       Great sword       |       |       |       |   484 |   686 ||  1170
       Unarmed           |       |       |       |       |    14 ||    14
Throw: Tomahawk          |       |       |       |     1 |     2 ||     3
       Throwing net      |       |       |       |       |     1 ||     1
Invok: Curse Item        |       |       |       |     2 |     1 ||     3
       Scrying           |       |       |       |       |     1 ||     1
 Abil: Dig               |     2 |     2 |     2 |    10 |    12 ||    28
Evoke: Wand              |       |       |     2 |     4 |    33 ||    39
  Use: Scroll            |     3 |     3 |     1 |     5 |     8 ||    20
       Potion            |       |     8 |     3 |     7 |     5 ||    23
 Stab: Petrified         |       |       |       |       |     3 ||     3
       Paralysed         |       |       |       |       |     1 ||     1
  Eat: Chunk             |       |     5 |       |    15 |     5 ||    25
       Bread ration      |       |     2 |     1 |     2 |     3 ||     8
       Meat ration       |       |       |       |     5 |       ||     5
       Fruit             |       |       |       |     2 |       ||     2
       Beef jerky        |       |       |       |     1 |       ||     1
Armor: Scale mail        |    29 |   102 |   102 |   299 |   279 ||   811
       Skin              |       |       |       |     8 |       ||     8
Dodge: Dodged            |    30 |   129 |   118 |   441 |   338 ||  1056
Block: Shield            |    46 |   210 |   272 |   911 |   648 ||  2087
       Rpst.: Long sword |     9 |    40 |    34 |    50 |       ||   133
       Great sword       |       |       |       |    84 |    68 ||   152
